 Dungeon Crawl Stone Soup version 0.27.0-1-g7a089689b8 (webtiles) character file.

Game seed: 15930145890429757670

136 inmateoo the Gusty (level 4, 0/33 HPs)
             Began as a Draconian Air Elementalist on Aug 3, 2021.
             Slain by a gnoll (3 damage)
             ... on level 3 of the Dungeon.
             The game lasted 00:07:07 (2605 turns).

inmateoo the Gusty (Draconian Air Elementalist)     Turns: 2605, Time: 00:07:07

Health: 0/33       AC:  5    Str: 10    XL:     4   Next: 98%
Magic:  8/8        EV: 12    Int: 17    God:
Gold:   100        SH:  0    Dex: 11    Spells: 3/9 levels left

rFire    + . .     SeeInvis .   i - +3 flail
rCold    + . .     Faith    .   (no shield)
rNeg     . . .     Spirit   .   (armour unavailable)
rPois    .         Reflect  .   (helmet restricted)
rElec    .         Harm     .   e - scarf {rC+ rF+}
rCorr    .         Rampage  .   (no gloves)
Will     +....                  (no boots)
Stlth    ++........             (no amulet)
HPRegen  0.11/turn              f - ring of willpower
MPRegen  0.11/turn              (no ring)

@: no status effects
A: AC +5, unfitting armour, cold-blooded
a: no special abilities


You were on level 3 of the Dungeon.
You visited 1 branch of the dungeon, and saw 3 of its levels.

You collected 100 gold pieces.

Inventory:

Hand Weapons
 a - a +0 dagger
 h - a +0 halberd of venom
 i - a +3 flail (weapon)
Armour
 e - a scarf of resistance (worn)
Jewellery
 f - a ring of willpower (left hand)
Potions
 b - a potion of might
 c - a potion of attraction {unknown}
 d - 3 potions of curing {unknown}
 g - a potion of brilliance {unknown}


   Skills:
 - Level 2.0 Dodging
 - Level 2.0 Stealth
 + Level 3.1 Spellcasting
 + Level 2.7 Conjurations
 + Level 4.0 Air Magic


You had 3 spell levels left.
You knew the following spells:

 Your Spells              Type           Power      Damage    Failure   Level
a - Shock                 Conj/Air       56%        1d6       4%          1
b - Static Discharge      Conj/Air       14%        N/A       7%          2
c - Swiftness             Air            16%        N/A       10%         3

Your spell library contained the following spells:

 Spells                   Type           Power      Damage    Failure   Level
 Airstrike                Air            8%         N/A       32%         4


Dungeon Overview and Level Annotations

Branches:
Dungeon (3/15)

Altars:


Innate Abilities, Weirdness & Mutations

Your plain brown scales are hard. (AC +5)
You cannot fit into any form of body armour.
You are cold-blooded and may be slowed by cold attacks.


Message History

You puncture the orc!
You kill the orc!
Things that are here:
a +0 hand axe; an orc corpse
There is an open door here.
Items here: ( )) [ ††.
i - a +3 flail
Things that are here:
a +0 hand axe; an orc corpse
There is a stone staircase leading down here.
Your +0 halberd of venom stops dripping with poison.
i - a +3 flail (weapon)
You start resting.
Magic restored.
You start resting.
A kobold comes into view. It is wielding a +0 dagger.
A gnoll comes into view. It is wielding a +0 spear.
The gnoll moves out of view.
There is a stone staircase leading down here.
You completely miss the kobold.
The kobold shouts!
You hear a shout!
A gnoll comes into view. It is wielding a +0 flail.
The kobold hits you with a +0 dagger.
You hit the kobold.
You kill the kobold!
A gnoll comes into view. It is wielding a +0 club.
Things that are here:
a +0 dagger; a +0 hand axe; an orc corpse
There is an open door here.
Items here: ( ) [ ††.
The gnoll shouts!
You hit the gnoll.
The gnoll is lightly wounded.
The gnoll hits you with a +0 spear. The gnoll hits you with a +0 flail!
The gnoll hits you with a +0 flail.
* * * LOW HITPOINT WARNING * * *
The gnoll hits you with a +0 spear.
* * * LOW HITPOINT WARNING * * *
The gnoll hits you from afar with a +0 spear.
You die...

#.#.#
#...#
##..#
#..#
#..######
#..#....#
##.#....#
#>#....#
#@#....#
#.)g..<#
###g)..#
#.####
#.. ....
.....
.......
......†.


You could see 2 gnolls.

Vanquished Creatures
  An orc priest (D:3)
  3 gnolls (D:2)
  2 adders (D:2)
  A dart slug (D:2)
  2 orcs (D:3)
  10 ball pythons
  5 endoplasms
  4 giant cockroaches
  4 goblins
  3 hobgoblins
  3 jackals
  4 quokkas
  4 bats (D:1)
  2 frilled lizards (D:1)
  3 kobolds
  A rat (D:2)
52 creatures vanquished.

Notes
Turn   | Place    | Note
-------+----------+-------------------------------------------
     0 | D:1      | inmateoo the Draconian Air Elementalist began the quest for
                  | the Orb.
     0 | D:1      | Reached XP level 1. HP: 14/14 MP: 3/3
   202 | D:1      | Reached XP level 2. HP: 20/20 MP: 0/5
   258 | D:1      | Learned a level 2 spell: Static Discharge
  1113 | D:2      | Reached XP level 3. HP: 25/26 MP: 6/6
  1311 | D:2      | Learned a level 3 spell: Swiftness
  1973 | D:2      | Reached XP level 4. HP: 32/33 MP: 2/8
  2485 | D:3      | Reached skill level 4 in Air Magic
  2605 | D:3      | Slain by a gnoll

Illustrated notes

Levels and vault maps discovered:
D:1:      heliophobic_arrival_dark_side_of_the_moon, layout_loops_ring
D:2:      layout_basic, minmay_increasing_density
D:3:      layout_basic, hellmonk_ecumenical_altar_watching_god,
          minmay_quadrilaterals

Skill      XL: |  1  2  3  4 |
---------------+-------------+-----
Stealth        | 2 |  2.0
Dodging        | 2 |  2.0
Conjurations   | 2 |  2.7
Spellcasting   | 3 |  3.1
Air Magic      | 4 |  4.0

Action                   |  1- 3 |  4- 6 || total
-------------------------+-------+-------++-------
Melee: Dagger            |    51 |     6 ||    57
       Tailslap          |     7 |     2 ||     9
       Flail             |       |     3 ||     3
       Halberd           |       |     3 ||     3
 Cast: Shock             |    47 |     5 ||    52
       Static Discharge  |     1 |     5 ||     6
  Use: Scroll            |       |     1 ||     1
 Stab: Sleeping          |     2 |       ||     2
Armor: Skin              |    22 |     3 ||    25
Dodge: Dodged            |    58 |     8 ||    66
